 Dungeon Crawl Stone Soup version 0.27.0-1-g7a089689b8 (webtiles) character file.

Game seed: 13763465015853555711

130 Delamore the Sneak (level 5, -3/36 HPs)
             Began as an Octopode Brigand on Aug 7, 2021.
             Killed from afar by Natasha (5 damage)
             ... with a magic dart
             ... on level 2 of the Dungeon.
             The game lasted 00:01:41 (2570 turns).

Delamore the Sneak (Octopode Brigand)               Turns: 2570, Time: 00:01:42

Health: -3/36      AC:  1    Str: 10    XL:     5   Next: 13%
Magic:  5/5        EV: 13    Int: 14    God:
Gold:   60         SH:  0    Dex: 14    Spells: 4/4 levels left

rFire    . . .     SeeInvis .   l - +2 dagger (freeze)
rCold    . . .     Faith    .   (no shield)
rNeg     . . .     Spirit   .   (helmet restricted)
rPois    .         Reflect  .   (no amulet)
rElec    .         Harm     .   (no ring)
rCorr    .         Rampage  .   (no ring)
Will     .....                  (no ring)
Stlth    ++++......             (no ring)
HPRegen  0.12/turn              (no ring)
MPRegen  0.09/turn              (no ring)
                                (no ring)
                                (no ring)

@: no status effects
A: almost no armour, amphibious, 8 rings, camouflage 1, gelatinous body 1,
(nimble swimmer 1), tentacles
a: no special abilities


You were on level 2 of the Dungeon.
You visited 1 branch of the dungeon, and saw 3 of its levels.

You collected 60 gold pieces.

Inventory:

Hand Weapons
 a - a +2 dagger
 l - a +2 dagger of freezing (weapon)
Missiles
 b - 15 poisoned darts (quivered)
 c - 2 curare-tipped darts
Jewellery
 d - a +4 ring of protection
 i - a ring of protection from cold
Wands
 f - a wand of iceblast (9)
Scrolls
 j - a scroll of blinking
Potions
 e - a potion of might {unknown}
 g - a potion of curing {unknown}
 h - a potion of flight {unknown}
 k - a potion of resistance {unknown}


   Skills:
 + Level 3.0 Fighting
 * Level 3.9 Short Blades
 - Level 2.0 Throwing
 + Level 2.4 Dodging
 - Level 5.3 Stealth


You had 4 spell levels left.
You didn't know any spells.
Your spell library was empty.

Dungeon Overview and Level Annotations

Branches:
Dungeon (3/15)

Altars:

Annotations:
D:2 Natasha


Innate Abilities, Weirdness & Mutations

You cannot wear most types of armour.
You are amphibious.
You can wear up to eight rings at the same time.
Your skin changes colour to match your surroundings (Stealth+).
Your rubbery body absorbs attacks. (AC +1, EV +1)
((You are camouflaged near water. (Stealth+)))
You have tentacles for arms and can constrict up to eight enemies at once.


Message History

a +0 flail; a gnoll corpse You hit the gnoll but do no damage.
You grab the gnoll.
You constrict the gnoll, but do no damage.
The gnoll closely misses you.
You hit the gnoll. You freeze the gnoll.
The gnoll is severely wounded.
You constrict the gnoll. You hit the gnoll. You freeze the gnoll.
You kill the gnoll!
Your Fighting skill increases to level 3!
You have reached level 5!
You feel clever.
You hit the gnoll. You freeze the gnoll. You grab the gnoll.
The gnoll is heavily wounded.
You constrict the gnoll. The gnoll hits you with a +0 club.
You hit the gnoll. You freeze the gnoll.
The gnoll is almost dead.
You constrict the gnoll.
You kill the gnoll!
Items here: ))) ††.
You start resting.
Natasha, Servant of Life and Death comes into view.
There is a stone staircase leading down here.
You start resting.
Natasha is nearby!
Natasha claws you.
You completely miss Natasha. You grab Natasha. You constrict Natasha.
Natasha claws you!
* * * LOW HITPOINT WARNING * * *
You hit Natasha. You freeze Natasha.
Natasha is lightly wounded.
You constrict Natasha, but do no damage.
Natasha claws you.
* * * LOW HITPOINT WARNING * * *
You hit Natasha. You freeze Natasha.
Natasha is heavily wounded.
You constrict Natasha.
Natasha stares at you and mumbles some strange words.
The magic dart hits you.
You die...

##...## #.## #...## #.##
###########.### #.##
####........##.# #.##
####.......###.##.# #..#
###.....#.##......#.# ##.#
#...###.#[#...##..#.## #.#
#...# #.......h......# #..
#...###.#.#..@#...#..# ###
##......#)##......#..# ###
##........>..##..##..# #..
##.......#.#####..##..# #.#
#..........#####..##..## #.#
##...>...#........##...######.#
##.....########...............
##...#### ####.........#.#
##.....# #....####.#.#


You could see Natasha.

Vanquished Creatures
  A centaur skeleton (D:2)
  Natasha (D:2)
  4 gnolls
  An adder skeleton (D:2)
  A worm (D:3)
  2 endoplasms
  A giant cockroach (D:2)
  3 goblins
  4 hobgoblins
  5 jackals (D:2)
  A kobold (D:2)
  2 quokkas
  2 ball pythons (D:2)
  2 bats
  A frilled lizard (D:1)
  4 rats
35 creatures vanquished.

Notes
Turn   | Place    | Note
-------+----------+-------------------------------------------
     0 | D:1      | Delamore the Octopode Brigand began the quest for the Orb.
     0 | D:1      | Reached XP level 1. HP: 14/14 MP: 1/1
   481 | D:1      | Reached XP level 2. HP: 19/19 MP: 2/2
  1158 | D:2      | Reached XP level 3. HP: 15/25 MP: 3/3
  1353 | D:2      | Found a faded altar of an unknown god.
  1491 | D:2      | Reached XP level 4. HP: 30/30 MP: 4/4
  1764 | D:2      | Noticed Natasha
  1768 | D:2      | Killed Natasha
  2546 | D:2      | Reached XP level 5. HP: 22/36 MP: 5/5
  2562 | D:2      | Noticed Natasha
  2570 | D:2      | Killed from afar by Natasha

Illustrated notes

Levels and vault maps discovered:
D:1:      dpeg_arrival_fog, layout_basic, minmay_shallow_snake_nest
D:2:      layout_loops_ring, hellmonk_ecumenical_altar_leap_of_faith,
          uniq_natasha
D:3:      layout_basic, serial_glass, glass_columns_b, glass_columns_b,
          item_on_display_a, item_on_display_a, ebering_ghost_sewer_d

Skill      XL: |  1  2  3  4 |
---------------+-------------+-----
Short Blades   | 3 |  3.9
Dodging        | 2 |  2.4
Fighting       | 3 |  3.0
Throwing       | |  2.0
Stealth        | |  5.3

Action                   |  1- 3 |  4- 6 || total
-------------------------+-------+-------++-------
Melee: Dagger            |    37 |    43 ||    80
       Tentacles         |     6 |     6 ||    12
       Constrict         |     4 |    10 ||    14
  Use: Scroll            |     1 |     2 ||     3
 Stab: Sleeping          |     7 |     3 ||    10
Armor: Skin              |     4 |     1 ||     5
Dodge: Dodged            |    18 |    23 ||    41
